 Dungeon Crawl Stone Soup version 0.25.1-1-g288607f5aa (webtiles) character file.

Game seed: 2237750406882165142

449 Elvor the Bolt Thrower (level 6, -5/78 HPs)
             Began as a Minotaur Hunter on July 21, 2020.
             Killed by divine providence
             ... invoked by an orc priest
              (9 damage)
             ... on level 3 of the Dungeon.
             The game lasted 00:30:09 (3372 turns).

Elvor the Bolt Thrower (Minotaur Hunter)            Turns: 3372, Time: 00:30:10

Health: -5/78      AC: 23    Str: 18    XL:     6   Next: 74%
Magic:  5/5        EV:  2    Int:  8    God:
Gold:   125        SH: 13    Dex: 11    Spells: 5/5 levels left

rFire    . . .     SeeInvis .   b - +0 short sword
rCold    . . .     Gourm    .   o - +0 tower shield
rNeg     + + +     Faith    .   (armour currently unavailable)
rPois    +         Spirit   .   (helmet currently unavailable)
rElec    .         Reflect  .   (cloak currently unavailable)
rCorr    .         Harm     .   (gloves currently unavailable)
MR       .....     NoTele   +   (boots currently unavailable)
Stlth    +.........             (no amulet)
HPRegen  0.23/turn              (no ring)
MPRegen  0.09/turn              (no ring)

@: tree-form
A: (retaliatory headbutt)
a: no special abilities


You were on level 3 of the Dungeon.
You were not hungry.
You were a tree.
You visited 1 branch of the dungeon, and saw 3 of its levels.
You also visited: Sewer.

You collected 125 gold pieces.

Inventory:

Hand Weapons
 a - a +1 hand crossbow
 b - a +0 short sword (weapon)
 c - a +5 halberd of venom
Missiles
 d - 23 bolts
Armour
 o - a +0 tower shield (worn)
 r - a +0 chain mail
 y - a +0 plate armour (melded)
Scrolls
 j - a scroll of identify
 l - a scroll of fog {unknown}
 m - a scroll of magic mapping {unknown}
 n - a scroll of enchant armour {unknown}
 p - a scroll of enchant weapon {unknown}
 q - a scroll of remove curse {unknown}
 v - a scroll of random uselessness {unknown}
Potions
 e - a potion of magic {unknown}
 h - a potion of flight {unknown}
 i - 2 potions of lignification
 k - a potion of berserk rage {unknown}
 s - 3 potions of stabbing
 t - 2 potions of brilliance
 u - 2 potions of might
 w - 2 potions of curing {unknown}
 x - 2 potions of heal wounds {unknown}
 z - a potion of cancellation {unknown}
Comestibles
 f - 2 rations


   Skills:
 * Level 4.0 Fighting
 + Level 1.3 Short Blades
 + Level 6.2 Crossbows
 * Level 3.5 Armour
 + Level 2.7 Dodging
 + Level 0.7 Stealth
 * Level 3.7 Shields


You had 5 spell levels left.
You didn't know any spells.
Your spell library was empty.

Dungeon Overview and Level Annotations

Branches:
Dungeon (3/15)              Sewer (visited)

Altars:
Nemelex Xobeh
Wu Jian


Innate Abilities, Weirdness & Mutations

((You reflexively headbutt those who attack you in melee.))
((You have a pair of horns on your head.))


Message History

Uppercase [Y]es or [N]o only, please.
Really quaff the potion of lignification?
You turn into a tree.
Your +0 plate armour melds into your body.
Your roots penetrate the ground.
You block the orc priest's attack. Something hits you but does no damage.
You miss something. You block the orc priest's attack.
Something hits you but does no damage.
You closely miss something.
The orc priest hits you but does no damage.
Something hits you but does no damage.
A dart slug comes into view.
You closely miss something.
The orc priest hits you but does no damage.
Something hits you but does no damage.
You hit the orc priest but do no damage.
The orc priest is moderately wounded.
The orc priest calls down the wrath of Beogh upon you.
Beogh smites you!
You die...

#.....>.#.#.###########
#....)..#.#....).......
#.......#.##......#####
#.......#.##...........
#.......#.######.÷.....
####...## #...)...
##..# #....... #..##.#
#....... ##♣{..#
#....... #o##.#
########


hoh # ..... .....## ......# ....(..# #..w.((.# You could see an orc priest, a
dart slug, an orc and 2 jackals.

Vanquished Creatures
  A big kobold (Sewer)
  An orc priest (D:3)
  3 gnolls (D:2)
  12 river rats (Sewer)
  11 adders
  3 worms
  A dart slug (D:3)
  5 orcs (D:3)
  4 ball pythons (Sewer)
  6 bats
  4 giant cockroaches
  9 hobgoblins
  3 jackals (D:2)
  2 frilled lizards (D:2)
  10 goblins
  21 kobolds
  23 rats
119 creatures vanquished.

Notes
Turn   | Place    | Note
-------+----------+-------------------------------------------
     0 | D:1      | Elvor the Minotaur Hunter began the quest for the Orb.
     0 | D:1      | Reached XP level 1. HP: 18/18 MP: 0/0
   181 | D:1      | Reached XP level 2. HP: 25/25 MP: 1/1
   369 | D:1      | Reached skill level 5 in Crossbows
  1077 | D:2      | Reached XP level 3. HP: 30/30 MP: 2/2
  1113 | D:2      | Reached skill level 1 in Armour
  1454 | D:2      | Reached XP level 4. HP: 17/37 MP: 3/3
  1888 | D:3      | Found a glowing drain.
  1908 | D:3      | Reached skill level 1 in Shields
  1908 | D:3      | Reached XP level 5. HP: 16/45 MP: 4/4
  2335 | Sewer    | Entered a sewer
  2481 | Sewer    | Reached XP level 6. HP: 38/52 MP: 5/5
  2557 | Sewer    | Reached skill level 6 in Crossbows
  2703 | Sewer    | Reached skill level 1 in Short Blades
  3061 | D:3      | Found a sparkling altar of Nemelex Xobeh.
  3061 | D:3      | Found an ornate altar of the Wu Jian Council.
  3367 | D:3      | HP: 2/52 [orc priest/nerve-wracking pain (14)]
  3372 | D:3      | Killed from afar by an orc priest

Illustrated notes

Levels and vault maps discovered:
D:1:      noname_arrival_rooms_in_the_neighbourhood, layout_basic
D:2:      layout_rooms, kennysheep_path_1
D:3:      layout_basic, gammafunk_temple_overflow_wave, gup_sewer_entry_glass,
          st_stairs_7

Skill      XL: |  1  2  3  4  5  6 |
---------------+-------------------+-----
Crossbows      | 5 6 |  6.2
Armour         | 1 2 3 |  3.5
Fighting       | 3 4 |  4.0
Shields        | 1 2 3 |  3.7
Short Blades   | 1 |  1.3
Dodging        | |  2.7
Stealth        | |  0.7

Action                   |  1- 3 |  4- 6 || total
-------------------------+-------+-------++-------
Melee: Short sword       |    27 |   241 ||   268
       Headbutt          |     7 |    34 ||    41
 Fire: Hand crossbow     |    77 |    93 ||   170
  Use: Scroll            |       |     4 ||     4
       Potion            |       |     1 ||     1
  Eat: Chunk             |     1 |     4 ||     5
       Ration            |       |     1 ||     1
Armor: Leather armour    |     3 |       ||     3
       Ring mail         |    14 |       ||    14
       Chain mail        |       |   124 ||   124
       Plate armour      |       |    13 ||    13
       Skin              |       |     6 ||     6
Dodge: Dodged            |    28 |    31 ||    59
Block: Tower shield      |    18 |   202 ||   220
